 Dungeon Crawl Stone Soup version 0.29.1-15-g9cfb28693d (webtiles) character file.

Game seed: 13798439375112389910

297 Ast3rio the Chopper (level 6, -8/84 HPs)
             Began as a Minotaur Berserker on Mar 2, 2023.
             Was a Believer of Trog.
             Mangled by an ogre
             ... wielding a +0 giant spiked club
              (27 damage)
             ... on level 3 of the Dungeon.
             The game lasted 00:09:44 (3018 turns).

Ast3rio the Chopper (Minotaur Berserker)            Turns: 3018, Time: 00:09:46

Health: -8/84      AC:  2    Str: 23      XL:     6   Next: 12%
Magic:  5/5        EV: 12    Int:  2 (4)  God:    Trog [**....]
Gold:   121        SH:  0    Dex:  8 (10) Spells: 5/5 levels left

rFire   . . .      SeeInvis .   a - +0 hand axe
rCold   . . .      Faith    .   (no shield)
rNeg    . . .      Spirit   .   b - +0 animal skin
rPois   .          Reflect  .   (helmet restricted)
rElec   .          Harm     .   (no cloak)
rCorr   .          Rampage  .   (no gloves)
Will    .....                   (no boots)
Stlth   ..........              (no amulet)
HPRegen 0.24/turn               (no ring)
MPRegen 0.09/turn               (no ring)

@: berserking, very quick
A: horns 2, retaliatory headbutt
a: Renounce Religion, Berserk, Trog's Hand


You were on level 3 of the Dungeon.
You worshipped Trog.
Trog was pleased with you.
You visited 1 branch of the dungeon, and saw 3 of its levels.

You collected 121 gold pieces.

Inventory:

Hand Weapons
 a - a +0 hand axe (weapon)
 i - a +1 falchion of protection
 m - a +3 quarterstaff of chaos
Armour
 b - a +0 animal skin (worn)
Scrolls
 e - a scroll of teleportation {unknown}
 f - a scroll of noise {unknown}
 g - a scroll of torment {unknown}
 h - a scroll of identify {unknown}
 l - a scroll of enchant armour {unknown}
 n - a scroll of vulnerability {unknown}
 o - a scroll of silence {unknown}
Potions
 c - a potion of degeneration
 d - 3 potions of curing
 j - a potion of resistance {unknown}
 k - a potion of ambrosia {unknown}
 p - 2 potions of attraction {unknown}
 q - a potion of haste {unknown}
 r - a potion of flight {unknown}


   Skills:
 * Level 5.0 Fighting
 * Level 6.6 Axes
 + Level 2.7 Armour
 + Level 3.3 Dodging
 + Level 0.8 Stealth


You had 5 spell levels left.
You didn't know any spells.
Your spell library was empty.

Dungeon Overview and Level Annotations

Branches:
Dungeon (3/15)

Altars:


Innate Abilities, Weirdness & Mutations

You have a pair of horns on your head.
You reflexively headbutt those who attack you in melee.


Message History

q - a fuming amethyst potion
r - a fizzy emerald potion
p - 2 grey potions (gained 1)
A kobold comes into view. It is wielding a +0 short sword.
A kobold is nearby!
The kobold shouts!
The kobold barely misses you.
You slash the kobold!
You kill the kobold!
Trog accepts your kill.
No target in view!
No target in view!
Things that are here:
a +0 short sword; 2 stones; a kobold corpse An ogre comes into view.
It is wielding a +0 giant spiked club.
A worm comes into view.
Found a stone staircase leading down.
The ogre hits you with a +0 giant spiked club!!
You barely miss the ogre. Your headbutt misses the ogre. You hit the worm.
The worm barely misses you.
You hit the worm but do no damage.
The worm is moderately wounded.
You hit the ogre but do no damage. The ogre misses you.
You hit the worm. Your headbutt misses the worm.
The worm is moderately wounded.
You hit the ogre. The worm bites you!
The ogre hits you with a +0 giant spiked club!
* * * LOW HITPOINT WARNING * * *
You are too injured to fight recklessly!
You are too injured to fight recklessly!
You are too injured to fight recklessly!
You are too injured to fight recklessly!
A red film seems to cover your vision as you go berserk!
You feel yourself moving faster!
You feel mighty! The worm closely misses you. You furiously retaliate!
You headbutt the worm!!
You kill the worm!
Trog accepts your kill.
You feel a strong urge to attack something.
The ogre hits you with a +0 giant spiked club!!
You die...

#########
###.......#
......>..#
#.......#
#.......#
#.......#
#.......#
###....@O†# ..
..........#
...
#...###.###
... ### #.####
... #....# ..#
#....##.# ..##
#...##..##.###
...#
#######.##...#
#..#######....
#.####.#


You could see an ogre.

Vanquished Creatures
  A black bear (D:3)
  Crazy Yiuf (D:2)
  Natasha (thrice) (D:2)
  Robin (D:2)
  2 adders (D:2)
  A worm (D:3)
  A dart slug (D:2)
  2 orcs (D:3)
  5 endoplasms
  3 giant cockroaches
  11 goblins (D:2)
  7 hobgoblins
  6 jackals
  A quokka (D:3)
  3 ball pythons
  7 bats
  3 frilled lizards
  4 kobolds
  6 rats
68 creatures vanquished.

Vanquished Creatures (others)
  2 demonic plants (D:1)
2 creatures vanquished.

Grand Total: 70 creatures vanquished

Notes
Turn   | Place    | Note
-------+----------+-------------------------------------------
     0 | D:1      | Ast3rio the Minotaur Berserker began the quest for the Orb.
     0 | D:1      | Reached XP level 1. HP: 19/19 MP: 0/0
     0 | D:1      | Noticed a dwarf
     1 | D:1      | Noticed a vine stalker
     3 | D:1      | Noticed a troll
     5 | D:1      | Noticed a demigod
     6 | D:1      | Noticed an octopode
     7 | D:1      | Noticed a troll
     8 | D:1      | Noticed a demigod
    58 | D:1      | Noticed a human
    59 | D:1      | Noticed a vampire
    86 | D:1      | Noticed a barachi
    88 | D:1      | Noticed a human
    88 | D:1      | Noticed a barachi
    90 | D:1      | Noticed a demonspawn
    92 | D:1      | Noticed an elf
   326 | D:1      | Found a faded altar of an unknown god.
   326 | D:1      | Noticed an iron imp
   438 | D:1      | Reached XP level 2. HP: 27/27 MP: 1/1
   516 | D:1      | Reached skill level 4 in Axes
   874 | D:2      | Noticed Natasha
   881 | D:2      | Reached XP level 3. HP: 28/33 MP: 2/2
   885 | D:2      | Killed Natasha
   904 | D:2      | Noticed Natasha
   909 | D:2      | Noticed Robin
   911 | D:2      | Killed Natasha
   912 | D:2      | Reached skill level 5 in Axes
   912 | D:2      | Reached XP level 4. HP: 6/40 MP: 3/3
   922 | D:2      | Killed Robin
   928 | D:2      | Reached ** piety under Trog
  1636 | D:2      | Noticed Natasha
  1648 | D:2      | Killed Natasha
  1649 | D:2      | Reached XP level 5. HP: 24/47 MP: 4/4
  1922 | D:2      | Found a runed translucent door.
  1923 | D:2      | Noticed Crazy Yiuf
  2233 | D:2      | Killed Crazy Yiuf
  2234 | D:2      | Reached skill level 6 in Axes
  2530 | D:3      | Identified the +8 spear of Ihyjor {spect, rElec rN+ Will-
                  | Dex+8}
  2596 | D:3      | Noticed a black bear
  2610 | D:3      | Killed a black bear
  2611 | D:3      | Reached skill level 5 in Fighting
  2611 | D:3      | Reached XP level 6. HP: 12/56 MP: 5/5
  3018 | D:3      | Mangled by an ogre

Illustrated notes

Levels and vault maps discovered:
D:1:      shiori_arrival_whats_in_store_for_you, layout_basic,
          dreamdust_ecumenical_altar_sealed_demon, grunt_decor_mini_mirrors,
          hangedman_decor_clover_reticule
D:2:      layout_basic, minmay_misc_feat_rugged, uniq_natasha,
          uniq_crazy_yiuf_cottage, uniq_robin
D:3:      layout_basic, nicolae_ru_the_path_less_chosen,
          chequers_temple_overflow_minitemple, fedhas_altar_fruit_tree,
          corexii_item_surrounded_by_moat, minmay_quadrilaterals, uniq_sigmund

Skill      XL: |  1  2  3  4  5 |
---------------+----------------+-----
Fighting       | 4 5 |  5.0
Axes           | 4 5 6 |  6.6
Dodging        | 3 |  3.3
Armour         | |  2.7
Stealth        | |  0.8

Action                   |  1- 3 |  4- 6 || total
-------------------------+-------+-------++-------
Melee: Hand axe          |    51 |    87 ||   138
       Headbutt          |     8 |     8 ||    16
Invok: Berserk           |     1 |     3 ||     4
  Use: Potion            |       |     3 ||     3
 Stab: Sleeping          |       |     1 ||     1
Armor: Animal skin       |    12 |    23 ||    35
Dodge: Dodged            |    48 |    64 ||   112
